AoeStats
← Pwncakes

Black Forest

508289602Analyzed
2v2 RM · 10d ago on Sep 21, 2026· 30m 21s· 4 players
Game mode
Random Map
Map size
Medium (4 player)
Population
200
Speed
Normal
Resources
Standard
Victory
Conquest
Starting age
Dark Age
Ending age
Imperial Age
RankedLock teamsTeams togetherTeam positionsShared explorationLock speedFull tech treeHidden civsTurbo modeCheats
Victory
Defeat
🇧🇷 Spanish · Brazil
1357
+17
🇺🇸 Muisca · United States
1320
+19
🇨🇿 Italians · Czechia
1558
-25
🇸🇰 Vietnamese · Slovakia
1206
-11
Pwncakes
1:05 Loom
12:52 Feudal Age
13:30 Double-Bit Axe
13:28 Fishing Lines
18:09 Castle Age
18:41 Gillnets
19:06 Bow Saw
22:39 Wheelbarrow
25:14 Hand Cart
25:38 Town Watch
25:45 Gold Mining
26:12 Treadmill Crane
29:12 Imperial Age
27:32 Scale Mail Armor
27:58 Forging
28:37 Gold Shaft Mining
27:54 Horse Collar
29:23 Stone Mining
29:36 Heavy Plow
29:45 Squires
30:01 Chain Mail Armor
29:31 Elite Temple Guard
Tabosa
0:27 Loom
13:26 Feudal Age
18:00 Castle Age
16:49 Double-Bit Axe
17:33 Gold Mining
17:41 Fletching
18:51 Bodkin Arrow
20:18 Padded Archer Armor
24:49 Leather Archer Armor
Mr_Asphalt
2:17 Loom
12:13 Feudal Age
16:33 Castle Age
15:01 Double-Bit Axe
23:46 Imperial Age
21:15 Double-Bit Axe
22:09 Fletching
22:40 Gold Mining
23:12 Horse Collar
Den_mil
1:05 Loom
12:55 Feudal Age
17:57 Castle Age
16:54 Double-Bit Axe
18:56 Bow Saw
27:32 Fishing Lines
27:40 Fishing Lines
30:26 Fletching
30:37 Padded Archer Armor
Connection lost

Rejoining the realm…

Still unreachable

The connection could not be restored.

Session expired

The server has moved on; the page needs a fresh start.